Map: Ephemeron LE

Players

Mortlock - Winner!

  • Race: Protoss Protoss
  • League: Silver
  • Spawn Location: 5:00

A.I. 1 (Hard)

  • Race: Terran Terran
  • Spawn Location: 11:00

VOD

Have the link to the VOD?

Description

Time

  • Played on: Dec. 27, 2019, 1:18 a.m.
  • Length: 7:40
Show
View Real Time Build Order
Export as new Build Order

Mortlock Protoss - Winner!

Build Orders:  

Get SALT Encoding   

  12  0:01  Probe  
  13  0:13  Probe  
  14  0:17  Pylon  
  14  0:25  Probe  
  15  0:37  Probe  
  15  0:38  Gateway  
  16  0:45  Assimilator  
  16  0:49  Probe (Chrono Boost)  
  17  0:55  Assimilator  
  17  1:01  Probe (Chrono Boost)  
  18  1:08  Probe (Chrono Boost)  
  19  1:18  Gateway  
  19  1:26  Cybernetics Core  
  19  1:33  Probe  
  19  1:39  Pylon  
  20  1:45  Probe  
  21  1:57  Probe  
  22  2:05  Adept x2 (Chrono Boost)  
  26  2:09  Probe  
  26  2:14  Warp Gate  
  27  2:35  Nexus  
  27  3:01  Pylon  
  27  3:06  Adept x2  
  31  3:52  Gateway  
  31  3:53  Gateway  
  31  3:54  Gateway  
  31  3:56  Gateway  
  31  3:57  Twilight Council  
  31  4:00  Pylon x2  
  31  4:03  Pylon  
  31  4:11  Pylon  
  31  4:18  Probe (Chrono Boost)  
  31  4:19  Probe (Chrono Boost)  
  33  4:28  Probe x2 (Chrono Boost)  
  35  4:33  Probe x2 (Chrono Boost)  
  35  4:37  Blink  
  37  4:52  Stalker x2  
  39  5:47  Stalker x3  
  39  5:48  Stalker x3  
  51  6:03  Probe x2 (Chrono Boost)  
  53  6:13  Probe x2 (Chrono Boost)  
  53  6:15  Assimilator  
  53  6:16  Assimilator  
  53  6:18  Probe x2 (Chrono Boost)  
  57  6:29  Stalker x5, Probe x2  
  57  6:30  Stalker  
  71  6:41  Pylon  
  71  6:42  Pylon  
  71  6:44  Pylon  
  71  6:45  Pylon  
  57  7:03  Stalker x2  
  57  7:04  Stalker x4  
Show
View Real Time Build Order
Export as new Build Order

A.I. 1 (Hard) Terran 

Build Orders:  

Get SALT Encoding   

  12  0:00  SCV  
  13  0:13  SCV  
  14  0:18  Supply Depot  
  14  0:25  SCV  
  15  0:39  SCV  
  16  0:44  Barracks  
  16  0:49  Refinery  
  16  0:51  SCV  
  17  1:04  SCV  
  18  1:16  SCV  
  19  1:22  Supply Depot  
  19  1:28  SCV  
  19  1:31  Marine  
  21  1:42  Orbital Command, Barracks  
  21  1:51  Refinery, Barracks Tech Lab  
  21  2:08  Supply Depot  
  21  2:09  Marine  
  22  2:27  Marine  
  23  2:30  Marine  
  24  2:42  Supply Depot  
  24  2:44  Marine  
  24  2:49  Marine  
  26  3:02  Marine  
  27  3:07  Marine  
  28  3:17  SCV  
  28  3:19  Supply Depot  
  29  3:20  Marine  
  29  3:26  Marine  
  30  3:29  SCV  
  31  3:38  Marauder  
  32  3:41  SCV  
  32  3:42  Engineering Bay  
  32  3:45  Marine  
  34  3:53  SCV  
  35  3:59  Marine  
  36  4:05  SCV  
  37  4:17  SCV  
  37  4:18  Marauder  
  40  4:29  SCV  
  41  4:39  Marauder  
  41  4:42  SCV  
  44  5:00  Marauder  
  46  5:22  Marauder  
  45  6:25  SCV  
  45  6:29  Barracks Tech Lab  
  45  6:32  Factory  
  45  6:35  Factory  
  45  6:37  Command Center, Missile Turret  
  45  6:39  Missile Turret  
  45  6:40  Supply Depot  
  35  6:59  Marine  
  24  7:09  Marine  
  24  7:17  Marauder  
  17  7:32  Factory Tech Lab  
Tags
 
League
Silver
Matchup
PvT
Spawn Locations
Cross Positions
Add a new tag
Caveats
  • Supply blocks, unpowered buildings, or Contaminate may cause inaccurate times.
  • Supply counts are checked every 10 seconds.